 Dungeon Crawl Stone Soup version 0.18-a0-1560-ge216ca8 (webtiles) character file.

1187 Chiseanne the Skirmisher (level 8, -1/81 (84) HPs)
             Began as an Ogre Transmuter on Mar 12, 2016.
             Slain by a worker ant (5 damage)
             ... on level 5 of the Dungeon.
             The game lasted 00:16:27 (8210 turns).

Chiseanne the Skirmisher (Ogre Transmuter)          Turns: 8210, Time: 00:16:27

HP:   -1/81 (84)    AC:  7    Str: 16    XL:     8   Next: 43%
MP:   15/16         EV: 11    Int: 14    God:
Gold: 327           SH:  0    Dex: 10    Spells: 3 memorised, 10 levels left

rFire  + . .     SeeInvis .       - Unarmed
rCold  . . .     Gourm    .     b - +1 robe
rNeg   . . .     Faith    .     (no shield)
rPois  .         Spirit   .     (helmet restricted)
rElec  .         Dismiss  .     (no cloak)
rCorr  .         Reflect  .     (gloves unavailable)
SustAt .         Harm     .     (boots unavailable)
MR     .....                    (no amulet)
Stlth  +.........               s - +3 ring of protection
                                o - ring of protection from fire

@: lethally poisoned (-1 -> -5), appendage, not resistant to hostile
enchantments, very unstealthy
A: unfitting armour, horns 2, tough skin 1
a: End Transformation


You were on level 5 of the Dungeon.
You were near starving.
You had grown temporary horns.
You visited 1 branch of the dungeon, and saw 5 of its levels.
You also visited: Sewer.

You collected 327 gold pieces.

Inventory:

Missiles
 a - 278 arrows
 k - 3 large rocks (quivered)
 m - 8 poisoned needles
 t - 60 sling bullets
Armour
 b - a +1 robe (worn)
Jewellery
 o - a ring of protection from fire (left hand)
 s - a +3 ring of protection (right hand)
Scrolls
 e - a scroll of identify
 f - 3 scrolls of remove curse
 p - 5 scrolls of teleportation
 q - a scroll of fog
Potions
 g - a potion of ambrosia
 h - a potion of brilliance
 v - a potion of magic
Books
 c - a book of Changes

   Spells                             Type                      Level
   a - Beastly Appendage              Transmutation                1
   b - Sticks to Snakes               Transmutation                2
   c - Spider Form                    Transmutation/Poison         3
   d - Ice Form                       Ice/Transmutation            4
   e - Blade Hands                    Transmutation                5
 r - a Fen Folio

   Spells                             Type                      Level
   a - Corpse Rot                     Necromancy                   2
   b - Stone Arrow                    Conjuration/Earth            3
   c - Leda's Liquefaction            Hexes/Earth                  4
   d - Summon Forest                  Summoning/Translocation      5
   e - Hydra Form                     Transmutation                6
   f - Summon Hydra                   Summoning                    7
Comestibles
 d - 4 bread rations
 l - a meat ration


   Skills:
 * Level 6.5 Fighting
 * Level 4.5 Dodging
 - Level 2.6 Unarmed Combat
 * Level 5.7 Spellcasting
 * Level 4.0 Transmutations


You had 10 spell levels left.
You knew the following spells:

 Your Spells              Type           Power        Failure   Level  Hunger
a - Beastly Appendage     Trmt           ###...       2%          1    None
b - Sticks to Snakes      Trmt           ###.....     4%          2    #......
c - Blade Hands           Trmt           ###.......   82%         5    ######.


Dungeon Overview and Level Annotations

Branches:
Dungeon (5/15)             Temple (0/1) D:5

Altars:
Dithmenos
Nemelex Xobeh
Vehumet
Yredelemnul


Innate Abilities, Weirdness & Mutations

You are too large for most types of armour.
You have tough skin (AC +1).
You have a pair of horns on your head.


Message History

The jackal barely misses you.
You hit the jackal.
You kill the jackal!
The worker ant bites you.
* * * LOW HITPOINT WARNING * * *
You closely miss the worker ant. The worker ant bites you.
* * * LOW HITPOINT WARNING * * *
Casting: Beastly Appendage
Confirm with . or Enter, or press ? or * to list all spells.
You extend your transformation's duration.
The worker ant bites you.
* * * LOW HITPOINT WARNING * * *
You are poisoned.
The worker ant poisons you!
You feel sick. The worker ant bites you.
* * * LOW HITPOINT WARNING * * *
You hit the worker ant but do no damage.
* * * LOW HITPOINT WARNING * * *
You feel sick. The worker ant bites you.
You die...

######### #..@a...#
#.#####.# ########
#.#####.#####......ยง
#.##...h......######
#.##.##.#######
###.##.##a#
#...hah...#
#.######### #### #.#


You could see a worker ant.

Vanquished Creatures
  Eustachio (D:5)
  A sky beast (D:5)
  A necrophage (D:5)
  4 centaurs
  2 giant frogs
  2 howler monkeys (D:4)
  4 hounds
  2 iguanas
  An orc wizard (D:5)
  2 worker ants (D:4)
  4 adders
  3 oozes
  An adder skeleton (D:5)
  2 worms
  2 dart slugs
  3 giant geckos (D:3)
  An orc (D:3)
  A ball python (D:4)
  4 giant cockroaches
  3 goblins
  4 hobgoblins
  5 jackals
  13 kobolds
  6 bats
  8 giant newts
  9 rats
  A spectral orc (D:3)
  A fungus (D:2)
91 creatures vanquished.

Notes
Turn   | Place    | Note
--------------------------------------------------------------
     0 | D:1      | Chiseanne the Ogre Transmuter began the quest for the Orb.
     0 | D:1      | Reached XP level 1. HP: 19/19 MP: 3/3
   453 | D:1      | Reached skill level 2 in Fighting
   453 | D:1      | Reached XP level 2. HP: 18/28 MP: 3/5
  1369 | D:1      | Learned a level 2 spell: Sticks to Snakes
  1546 | D:2      | Reached XP level 3. HP: 36/36 MP: 7/7
  1699 | D:2      | Found a radiant altar of Vehumet.
  2337 | D:2      | Reached XP level 4. HP: 28/44 MP: 8/8
  2555 | D:2      | Reached skill level 3 in Fighting
  2709 | D:3      | Found a sparkling altar of Nemelex Xobeh.
  2727 | D:3      | Noticed a centaur
  2745 | D:3      | Killed a centaur
  2745 | D:3      | Reached XP level 5. HP: 19/53 MP: 7/10
  2986 | D:3      | Found a glowing drain.
  2990 | Sewer    | Entered a sewer
  2990 | Sewer    | Noticed crawlian's ghost (amateur DrTm)
  3504 | D:3      | Found a basalt altar of Yredelemnul.
  3580 | D:3      | Found a shadowy altar of Dithmenos.
  4209 | D:4      | Reached XP level 6. HP: 40/62 MP: 11/11
  4434 | D:4      | Reached skill level 4 in Fighting
  5335 | D:4      | Reached XP level 7. HP: 27/71 MP: 13/13
  5904 | D:5      | Entered Level 5 of the Dungeon
  5968 | D:5      | Reached skill level 5 in Fighting
  6745 | D:5      | Learned a level 5 spell: Blade Hands
  6820 | D:5      | Noticed Eustachio
  6847 | D:5      | Killed Eustachio
  6847 | D:5      | Reached skill level 5 in Spellcasting
  6847 | D:5      | Reached XP level 8. HP: 39/80 MP: 13/15
  7214 | D:5      | Reached skill level 6 in Fighting
  8138 | D:5      | Found a staircase to the Ecumenical Temple.
  8209 | D:5      | HP: 4/81 [worker ant (3)]
  8210 | D:5      | Slain by a worker ant

Vault maps used:
D:1:      lemuel_arrival_behind_the_door_small
D:2:      fiery_altar_vehumet, serial_glass, glass_columns_c, glass_columns_c,
          glass_columns_b, glass_columns_b, glass_columns_a,
          minmay_gold_behind_fungi
D:3:      yredelemnul_forgotten_temple_becter, nemelex_deck,
          nicolae_dithmenos_through_a_glass_darkly, gup_sewer_entry_bowl
D:5:      minmay_temple_entry_overgrown, first_bread, uniq_eustachio
Sewer:    sewer_fruit_machine

Skill      XL: |  1  2  3  4  5  6  7  8 |
---------------+-------------------------+-----
Fighting       | 2 3 4 5 6 |  6.5
Dodging        | 2 3 4 |  4.5
Spellcasting   | 3 4 5 |  5.7
Transmutations | 2 3 4 |  4.0
Unarmed Combat | |  2.6

Action                   |  1- 3 |  4- 6 |  7- 9 || total
-------------------------+-------+-------+-------++-------
Melee: Unarmed           |   177 |   209 |   253 ||   639
Throw: Throwing net      |       |       |     1 ||     1
 Cast: Beastly Appendage |    20 |    19 |    30 ||    69
  Use: Scroll            |     8 |     1 |     5 ||    14
       Potion            |       |       |     6 ||     6
 Stab: Sleeping          |     2 |     1 |       ||     3
       Held in net/web   |       |       |     1 ||     1
  Eat: Chunk             |     3 |     8 |     5 ||    16
       Beef jerky        |     1 |     1 |       ||     2
       Royal jelly       |       |       |     1 ||     1
       Pizza             |       |       |     1 ||     1
